Workbook

Sheet planina de preços
A1: PLANILHA QUANTITATIVA DE MATERIAIS E SERVIÇOS
A2: Item | B2: Decrição dos Serviços | C2: Unidade | D2: QTD Estimada | E2: V.UNITÁRIO (R$) | F2: VALOR TOTAL (R$)
A3: 1 | B3: Operação Plena do Sistema de Iluminação Pública
A4: 1.1 | B4: Manutenção Operacional e Corretiva da Iluminação Pública: Conjunto de serviços necessários para que a Rede de Iluminação Pública desempenhe sua função e opere em condição normal, padronizada e de segurança, envolvendo ações corretivas, incluindo o fornecimento e aplicação de materiais e equipamentos necessários ao restabelecimento operacional. | C4: ponto de iluminação existente por mês (item multiplicado por 12) | D4: 19400 | E4: 9.4 | F4: =D4*E4*12 -> 2188320
A5: 1.2 | B5: Serviço de recadastramento e identificação de pontos integrados ao sistema de gerenciamento informatizado geo-referenciado, relativamente ao acervo (pontos) do sistema de iluminação pública, incluso o fornecimento de materiais (Plaquetas,fixações,adesivo). | C5: un. | D5: 19400 | E5: 27 | F5: =D5*E5 -> 523800
B6: Serviço de teleatendimento a população com fornecimento de telefone 0800 e fornecimento e operção de software de gerecenciamento e gestão do parque de iluminção pública do município | C6: mês | D6: 12 | E6: 3750 | F6: =D6*E6 -> 45000
A7: TOTAL OPERAÇÃO | F7: =SUM(F4:F6) -> 2757120
A8: 2 | B8: MELHORIAS, MODERNIZAÇÃO EFICIENTIZAÇÃO E IMPLANTAÇÃO
A9: 2.1 | B9: ILUMINAÇÃO CÊNICA - BIBLIOTECA MUNICIPAL E PARQUE SANTO EXPEDITO
A10: 2.1.1 | B10: Projetor/luminária LED RGBW DMX-512, abe+B91:B105rtura facho 5º a 8º, conforme espec. técnicas (iluminação para destaque de pilares), garantia de 3 (três) anos | C10: unid | D10: =16+2 -> 18 | E10: 3600 | F10: =D10*E10 -> 64800
A11: 2.1.2 | B11: Projetor/luminária LED RGBW DMX-512, abertura facho 25º, conforme espec. técnicas (iluminação para destaque de volumes), garantia de 3 (três) anos | C11: unid | D11: =8+2 -> 10 | E11: 3542 | F11: =D11*E11 -> 35420
A12: 2.1.3 | B12: Projetor/lum linear LED RGBW DMX-512, abertura facho 25º/10º ou projetor 40º, conforme espec. técnicas (iluminação sob janelas das fachadas lateriais), garantia de 3 (três) anos | C12: unid | D12: =8+2 -> 10 | E12: 3520 | F12: =D12*E12 -> 35200
A13: 2.1.4 | B13: Luminária Linear LED RGBW DMX-512, comprimento 1,00 a 1,20m, conforme espec. técnicas r), garantia de 3 (três) anos | C13: unid | D13: =43+2 -> 45 | E13: 3203 | F13: =D13*E13 -> 144135
A14: 2.1.5 | B14: Luminária Linear LED RGBW DMX-512, comprimento 0,50 a 0,60m, conforme espec. técnicas ), garantia de 3 (três) anos | C14: unid | D14: =8+2 -> 10 | E14: 2600 | F14: =D14*E14 -> 26000
A15: 2.1.6 | B15: Luminária LED Refletor Retangular bivolt, 50W, cor branca, temperatura de cor 4000 a 5000K. | C15: unid | D15: 6 | E15: 490 | F15: =D15*E15 -> 2940
A16: 2.1.7 | B16: base de concreto moldada no local para luminários de piso, incluso chumbadores para fixação das luminárias | C16: vb | D16: =D10+D11+D12+D15-6 -> 38 | E16: 300 | F16: =D16*E16 -> 11400
A17: 2.1.8 | B17: Grade de aço para proteção para luminárias, com pintura eletrostática ou tratamento para itempéires, para instalação junto a luminárias/projetores de solo para prevenção de roubos e vandalismo. Deverá ser fabricado de modo a interferir minimamente na emissão de luz | C17: unid | D17: =D16 -> 38 | E17: 370 | F17: =D17*E17 -> 14060
A18: 2.1.9 | B18: Lâmpada BulboLED 15W, alimentação 127V ou 220V, temperatura de cor 3000K ,instalação nos 2 postes decorativos junto ao portão de acesso | C18: unid | D18: 10 | E18: 57 | F18: =D18*E18 -> 570
A19: 2.1.10 | B19: Cabo DMX | C19: m | D19: 200 | E19: 11 | F19: =D19*E19 -> 2200
A20: 2.1.11 | B20: Conector DMX Outdoor, conjunto macho e fêmea | C20: cj | D20: =100 -> 100 | E20: 87 | F20: =D20*E20 -> 8700
A21: 2.1.12 | B21: Splitter de sinal DMX 1x4 | C21: unid | D21: 4 | E21: 1476 | F21: =D21*E21 -> 5904
A22: 2.1.13 | B22: Kit Interface Controlador | C22: unid | D22: 1 | E22: 139 | F22: =D22*E22 -> 139
A23: 2.1.14 | B23: Controlador dedicado para fazer o gerenciamento de luminárias LED que utilizam o protocolo ART-Net/DMX512, com memória para armazenamento de programação, usadas na iluminação arquitetural de monumentos e prédios em geral. Controlador protegido por caixa de PVC IP 65, com placa microprocessada, cartão de memória 16 GB classe 10, placa com fonte de alimentação e relé para ligação em contatora, roteador Wi-Fi interno, cabo de alimentação com conexão via rede Ethernet. Deverá permitir controle a distância, via interface e wi-fi, o funcionamento de projetores RGBW (red, green, blue, white), com possibilidade de agendar horários, troca de cores, mudança de intensidade de luz, aplicação de efeitos especiais, criação de cenários próprios, facilitando a participação em campanhas nacionais (outubro rosa, novembro azul, etc) ou a realização de outros eventos. | C23: unid | D23: 1 | E23: 949 | F23: =D23*E23 -> 949
A24: 2.1.15 | B24: Programação e Start Up do Sistema (em horas de engenharia) | C24: Hxh | D24: 88 | E24: 125 | F24: =D24*E24 -> 11000
A25: 2.1.16 | B25: Comissionamento (em horas de engenharia) | C25: Hxh | D25: 44 | E25: 125 | F25: =D25*E25 -> 5500
A26: 2.1.17 | B26: Disjuntor termomagnético padrão IEC em caixa moldada, Icc>20kA, tripolar 125A | C26: unid | D26: 2 | E26: 435 | F26: =D26*E26 -> 870
A27: 2.1.18 | B27: Disjuntor termomagnético padrão IEC em caixa moldada, Icc>20kA, tripolar 63A | C27: unid | D27: 2 | E27: 165 | F27: =D27*E27 -> 330
A28: 2.1.19 | B28: Mini-disjuntor padrão DIN, 3P-32A, ref.: Schneider, WEG, Moeller, Siemens | C28: unid | D28: 6 | E28: 120 | F28: =D28*E28 -> 720
A29: 2.1.20 | B29: Mini-disjuntor padrão DIN, 2P-20A, ref.: Schneider, WEG, Moeller, Siemens | C29: unid | D29: 8 | E29: 88 | F29: =D29*E29 -> 704
A30: 2.1.21 | B30: Mini-disjuntor padrão DIN, 1P-20A, ref.: Schneider, WEG, Moeller, Siemens | C30: unid | D30: 8 | E30: 22 | F30: =D30*E30 -> 176
A31: 2.1.22 | B31: Dispositivo Protetor contra surtos, DPS, 175V, 45kA, classe II, 8/20us, ref.: Clamper ou equivalente | C31: unid | D31: 4 | E31: 82 | F31: =D31*E31 -> 328
A32: 2.1.23 | B32: Tomada Industrial fêmea, IP67, 4 pólos (3F+T), 63A, cor azul (220V), ref.: Steck | C32: cjto | D32: 2 | E32: 152 | F32: =D32*E32 -> 304
... A40: 2.1.31 | B40: Caixa de alumínio 40x40x20cm, com tampa | C40: unid | D40: 2 | E40: 85 | F40: =D40*E40 -> 170
A41: 2.1.32 | B41: Cabo múltiplo tipo PP, isol. HEPR 1kV, 3x4,0mm² | C41: m | D41: =12*15+50*4+20 -> 400 | E41: 11 | F41: =D41*E41 -> 4400
A42: 2.1.33 | B42: Cabo de cobre flexível, classe 4 ou 5, isol. XLPE 0,6/1kV HEPR 90° | C42: m | D42: =250*4 -> 1000 | E42: 15 | F42: =D42*E42 -> 15000
A43: 2.1.34 | B43: Cabo de cobre flexível, classe 4 ou 5, isol. 0,6/1kV HEPR 90°, cobertura em termoplástico não halogenado (baixa emissão de fumaça e gases tóxicos), conforme NBR 13248 , #16mm² | C43: m | D43: =55*2 -> 110 | E43: 21 | F43: =D43*E43 -> 2310
A44: 2.1.35 | B44: Cabo de cobre flexível, classe 4 ou 5, isol. 0,6/1kV HEPR 90°, cobertura em termoplástico não halogenado (baixa emissão de fumaça e gases tóxicos), conforme NBR 13248 , #25mm² | C44: m | D44: =15+55*3*2 -> 345 | E44: 23 | F44: =D44*E44 -> 7935
A45: 2.1.36 | B45: Cabo de cobre flexível, classe 4 ou 5, isol. 0,6/1kV HEPR 90°, cobertura em termoplástico não halogenado (baixa emissão de fumaça e gases tóxicos), conforme NBR 13248 , #50mm² | C45: m | D45: =15*4 -> 60 | E45: 39 | F45: =D45*E45 -> 2340
A46: 2.1.37 | B46: Eletroduto PVC 32mm (1"), barra de 3m, incluso acessórios e conexões | C46: m | D46: 9 | E46: 16 | F46: =D46*E46 -> 144
A47: 2.1.38 | B47: Bucha e arruela em aluminio 32mm (1") | C47: cj | D47: 4 | E47: 2.65 | F47: =D47*E47 -> 10.6
A48: 2.1.39 | B48: Fecho para fita aço inoxidável FF-1 | C48: unid | D48: 30 | E48: 4.75 | F48: =D48*E48 -> 142.5
A49: 2.1.40 | B49: Fita em aço inoxidável 6mm 200kgf F6-30, rolo de 30m | C49: rl | D49: 1 | E49: 132 | F49: =D49*E49 -> 132
A50: 2.1.41 | B50: Fita plástica isolante, rolo de 20m | C50: rl | D50: 50 | E50: 41 | F50: =D50*E50 -> 2050
A51: 2.1.42 | B51: Fita auto fusão 10m | C51: rl | D51: 50 | E51: 32 | F51: =D51*E51 -> 1600
A52: 2.1.43 | B52: Demolição de piso de alta resistência | C52: m2 | D52: =(250+30)*0.45 -> 126 | E52: 43 | F52: =D52*E52 -> 5418
A53: 2.1.44 | B53: Demoliçao Manual de Pavimentação em concreto asfáltico, espessura 5cm | C53: m2 | D53: =(30)*0.35 -> 10.5 | E53: 36 | F53: =D53*E53 -> 378
A54: 2.1.45 | B54: Demolição de Pavimentação asfáltica com utilização de martelo perfurador, espessura até 15cm, exclusive carga e transporte | C54: m2 | D54: =(30)*0.35 -> 10.5 | E54: 21 | F54: =D54*E54 -> 220.5
A55: 2.1.46 | B55: Retirada de grama em placas | C55: m2 | D55: =(35*2+15)*0.35 -> 29.75 | E55: 8 | F55: =D55*E55 -> 238
A56: 2.1.47 | B56: Escavaçao manual de valas | C56: m3 | D56: =(D52+D55)*0.5 -> 77.875 | E56: 120 | F56: =D56*E56 -> 9345
A57: 2.1.48 | B57: Reaterro manual apoloado com soquete | C57: m3 | D57: =D56 -> 77.875 | E57: 66 | F57: =D57*E57 -> 5139.75
A58: 2.1.49 | B58: Plantio de Grama São Carlos | C58: m2 | D58: =(35*2+15)*0.5 -> 42.5 | E58: 28 | F58: =D58*E58 -> 1190
A59: 2.1.50 | B59: Piso em Pedra Portuguesa (Petit Pave) assentado sobre base de areia, rejuntado com cimento comum | C59: m2 | D59: =(135+115)*0.45 -> 112.5 | E59: 110 | F59: =D59*E59 -> 12375
A60: 2.1.51 | B60: Execução de piso de concreto com concreto moldado in loco, feito em obra, acabamento convencional, não armado | C60: m3 | D60: =D54*0.3 -> 3.15 | E60: 725 | F60: =D60*E60 -> 2283.75
A61: 2.1.52 | B61: Areia asfalto a frio, (AAUF), com emulsão RR-2C, incluso usinagem e aplicação | C61: m3 | D61: =D53*0.1 -> 1.05 | E61: 835 | F61: =D61*E61 -> 876.75
A62: 2.1.53 | B62: Eletroduto corrugado, espiralado, em PEAD, Ø2", ref. Kanalex, incluindo escavação com profundidade de 60cm, instalação em berço de areia compactada,fita de advertência, e recomposição da área atingida (calçada, grama ou terra) | C62: m | D62: =135+115+100+50 -> 400 | E62: 39 | F62: =D62*E62 -> 15600
A63: 2.1.54 | B63: Caixa de passagem em alvenaria, com reboco interno e fundo drenante com 20cm de brita, 40x40cm, profundidade de 60cm, com tampa de concreto | C63: cj | D63: 14 | E63: 248 | F63: =D63*E63 -> 3472
A64: 2.1.55 | B64: Cabo de cobre nu # 50mm², 7 fios x Ø3,00mm (NBR6524), enterrada a 50cm | C64: m | D64: 250 | E64: 35 | F64: =D64*E64 -> 8750
A65: 2.1.56 | B65: Haste de Aterramento de aço cobreado de alta camada (254 microns), conforme NBR 13571, Ø5/8" x 3000mm, ref.: TEL-5820 | C65: pç | D65: 12 | E65: 99 | F65: =D65*E65 -> 1188
A66: 2.1.57 | B66: Sodla exotérmica cabo x haste | C66: cj | D66: 24 | E66: 68 | F66: =D66*E66 -> 1632
A67: SUB TOTAL ITEM 2.1 | F67: =SUM(F10:F66) -> 491839.85
A68: 2.2 | B68: SUBSTITUIÇÃO DE LUMINÁRIAS EXISTENSTES E APLICAÇÃO DE LUMINÁRIAS LED E TELEGESTÃO
A69: 2.2.1 | B69: Fornecimento e instalação de Luminária Publica de LED com potência até “70w” (conforme termo de referência) | C69: pç | D69: 120 | E69: 695 | F69: =D69*E69 -> 83400
A70: 2.2.2 | B70: Fornecimento e instalação de Luminária Publica de LED com potência até “100w” (conforme termo de referência) | C70: pç | D70: 533 | E70: 715 | F70: =D70*E70 -> 381095
A71: 2.2.3 | B71: Fornecimento e instalação de Luminária Pública de LED com potência até “120W”(conforme termo de referência) | C71: pç | D71: 2893 | E71: 1020 | F71: =D71*E71 -> 2950860
A72: 2.2.4 | B72: Fornecimento e instalação de Luminária Pública de LED com potência até “180W” (conforme termo de referência) | C72: pç | D72: 361 | E72: 1120 | F72: =D72*E72 -> 404320
A73: 2.2.5 | B73: Fornecimento e instalação de Luminária Pública de LED com potência até “240W” (conforme termo de referência) | C73: pç | D73: 198 | E73: 1530 | F73: =D73*E73 -> 302940
A74: 2.2.6 | B74: Fornecimento e instalação de Luminária Decorativa de LED, com potência de até 75W ((conforme termo de referência) | C74: pç | D74: 150 | E74: 1689 | F74: =D74*E74 -> 253350
A75: 2.2.7 | B75: Controlador de luminária, dispositivo eletrônico que deverá ser instalado nos pontos de luz para ser integrado ao concentrador, seguindo os padrões IETF, 6LoWPAN, protocolo de comunicações padrão 802.15.4, frequência de operação 900 MHz, criptografia 128 bit AES, controle de luminária Relé ON/OFF 5 A , porta de controle da luminária (dimerização) 1 / 0-10V , alarmes de falha da lâmpada, consumo do equipamento ≤ 1 W, temperatura de funcionamento: 30 ºC a +70 ºC. | C75: pç | D75: 300 | E75: 850 | F75: =D75*E75 -> 255000
A76: 2.2.8 | B76: Controlador de grupo: dispositivo que permite monitorar e gerenciar no mínimo 300 controladores de luminárias. Deverá seguir os padrões, IETF, 6LoWPAN, protocolo de comunicações padrão 802.15.4, frequências de transmissão 900 MHz, alimentação do equipamento 175-255V CA, 60Hz, consumo do equipamento 3 W, temperatura de funcionamento 30°C a +70°C. | C76: pç | D76: 2 | E76: 8000 | F76: =D76*E76 -> 16000
A77: 2.2.9 | B77: Arruela Quadrada 38x3mm, para parafuso D16mm. | C77: pç | D77: 7000 | E77: 1.45 | F77: =D77*E77 -> 10150
A78: 2.2.10 | B78: Braço para iluminação publica, Fabricado em aço carbono SAE 1010/20, confeccionado em tudo circular com 48,2 mm de diâmetro e espessura de 3,00mm, galvanizado a fogo com comprimento de 3 metros. | C78: pç | D78: =D71+D72 -> 3254 | E78: 245 | F78: =D78*E78 -> 797230
A79: 2.2.11 | B79: Braço pra iluminação pública Fabricado em aço carbono SAE 1010/20, confeccionado em tudo circular com 60 mm de diâmetro e espessura de 3,75 mm, galvanizado a fogo com comprimento de 4 metros. | C79: pç | D79: 200 | E79: 422 | F79: =D79*E79 -> 84400
A80: 2.2.12 | B80: Braço para iluminação pública fabricado em aço carbono SAE 1010/20, confeccionado em tudo circular com 48,2 mm de diâmetro e espessura de 3,00mm, galvanizado a fogo com comprimento de 2metros. | C80: pç | D80: =D69 -> 120 | E80: 150 | F80: =D80*E80 -> 18000
A81: 2.2.13 | B81: Relé fotoelétrico com sistema eletromagnético de corrente alternada, 220v, potência de 1000w (carga resistiva) e 1800 va (carga indutiva), tipo nf | C81: pç | D81: =D69+D70+D71+D72+D73 -> 4105 | E81: 25 | F81: =D81*E81 -> 102625
A82: 2.2.14 | B82: Condutor de cobre , formado por fios de cobre nú com têmpera mole. Isolados em dupla camada com termoplástico flexível, com classe de isolamento de 750V na bitola de 3x2,5mm2. | C82: pç | D82: =(D78+D79+D80)*6 -> 21444 | E82: 9.9 | F82: =D82*E82 -> 212295.6
A83: 2.2.15 | B83: Conector cunha para cabo de rede 2AWG CA e cabo derivação 35mm² para cabos de cobre. | C83: pç | D83: 800 | E83: 9.65 | F83: =D83*E83 -> 7720
A84: 2.2.16 | B84: Conector perfurante para aplicação em condutores isolados de alumínio e/ou cobre com isolações em XLPE / PE (0,6 / 1 kV) e/ou PVC (750V) de 70x35mm2 | C84: pç | D84: 4000 | E84: 11.49 | F84: =D84*E84 -> 45960
A85: 2.2.17 | B85: Parafuso de cabeça quadrada galvanizado a fogo , 16 x 300mm c/ porca. | C85: pç | D85: 6800 | E85: 16.7 | F85: =D85*E85 -> 113560
A86: 2.2.18 | B86: Parafuso cabeça quadrada galvanizado a fogo, 16 x 350mm c/ porca. | C86: pç | D86: 500 | E86: 19.7 | F86: =D86*E86 -> 9850
A87: 2.2.19 | B87: Fornecimento e instalção de poste de aço galvanizado à fogo, pintado com pintura eletrostática na cor da luminária a ser fornecida, com altura total de de 5,20m, altura livre 4,20 metros útil, coluna cônica facetada e sextavada, com furo de acesso aos cabos H= 0,80M; base com 130mm e topo 60mm para encaixe de luminária decorativa LED 60W; espessura da chapa do poste: 3,0mm; conforme desenho e detalhe em projeto. | C87: pç | D87: =D74 -> 150 | E87: 1100 | F87: =D87*E87 -> 165000
A88: SUB TOTAL ITEM 2.2 | F88: =SUM(F69:F87) -> 6213755.6
A89: VALOR TOTAL - MELHORIAS, MODERNIZAÇÃO EFICIENTIZAÇÃO E IMPLANTAÇÃO | F89: =F88+F67 -> 6705595.4
A91: VALOR TOTAL DO PROCESSO LICITATÓRIO | F91: =F7+F89 -> 9462715.4

Sheet BDI
B3: Cliente: | C3: Prefeitura Municipal de Apucarana
B4: Objeto: | C4: CONTRATAÇÃO DE EMPRESA ESPECIALIZADA NA PRESTAÇÃO DE SERVIÇOS OPERACIONAIS DO PARQUE DE ILUMINAÇÃO PÚBLICA DO MUNICÍPIO DE APUCARANA, COMPREENDENDO A EXECUÇÃO DE SERVIÇOS DE MANUTENÇÃO PERMANENTE, REALIZAÇÃO DE MELHORIAS E MODERNIZAÇÃO DO PARQUE DE ILUMINAÇÃO PÚBLICA, MEDIANTE FORNECIMENTO DE MATERIAIS, MÃO DE OBRA, EQUIPAMENTOS E FERRAMENTAL NECESSÁRIOS.
B5: Composição de Bonificação de Despesas Indiretas - BDI
B6: BDI dos Itens de Obra e Serviços | G6: Acórdão n° 2622/2013
B8: Item | C8: Descrição do Item | D8: %
B9: I | C9: Parcelas Incidentes sobre o Custo Indireto | G9: 1º Quartil | H9: Médio | I9: 3º Quartil
B10: 1.1 | C10: Administração Central (AC) | D10: 0.0529 | G10: 0.0529 | H10: 0.0592 | I10: 0.0793
B11: II | C11: Parcelas Incidentes sobre o Faturamento
B12: 1 | C12: Impostos (I)
B13: 1.1 | C13: COFINS | D13: 0.03 | G13: 0.03 | H13: 0.03 | I13: 0.03
B14: 1.2 | C14: PIS | D14: 0.0065 | G14: 0.0065 | H14: 0.0065 | I14: 0.0065
B15: 1.3 | C15: CPRB | D15: 0
B16: 1.4 | C16: ISS | D16: 0.05 | G16: 0.03 | H16: 0.03 | I16: 0.03
B17: 2 | C17: Lucro (L) | D17: 0.06 | G17: 0.08 | H17: 0.0831 | I17: 0.0951
B18: 3 | C18: Seguro (S) + Garantia (G) | D18: 0.0025 | G18: 0.0025 | H18: 0.0051 | I18: 0.0056
B19: 4 | C19: Riscos (R) | D19: 0.01 | G19: 0.01 | H19: 0.0148 | I19: 0.0197
B20: 5 | C20: Despesas Financeiras (DF) | D20: 0.0101 | G20: 0.0101 | H20: 0.0107 | I20: 0.0111
B21: III | C21: Total do BDI | D21: =(((1+D10+D18+D19)*(1+D20)*(1+D17))/(1-(D13+D14+D15+D16)))-1 -> 0.24874677 | G21: =TRUNC((((1+G10+G18+G19)*(1+G20)*(1+G17))/(1-G13-G14-G16))-1,4) -> 0.245 | H21: =TRUNC((((1+H10+H18+H19)*(1+H20)*(1+H17))/(1-H13-H14-H16))-1,4) -> 0.2654 | I21: =TRUNC((((1+I10+I18+I19)*(1+I20)*(1+I17))/(1-I13-I14-I16))-1,4) -> 0.3102
B23: Fórmula para cálculo do BDI: | G23: 0.24 | H23: 0.2584 | I23: 0.2786
G24: Valores do BDI por Tipo de Obra
B25: BDI = (1 + AC + S + G + R) * (1 + DF) * (1 + L) - 1 (1 - I) | G25: ACÓRDÃO Nº 2622/2013 – TCU – Plenário

Sheet cronograma
A4: CRONOGRAMA FÍSICO-FINANCEIRO
A5: OBRA: | B5: CONTRATAÇÃO DE EMPRESA ESPECIALIZADA NA PRESTAÇÃO DE SERVIÇOS OPERACIONAIS DO PARQUE DE ILUMINAÇÃO PÚBLICA DO MUNICÍPIO DE APUCARANA, COMPREENDENDO A EXECUÇÃO DE SERVIÇOS DE MANUTENÇÃO PERMANENTE, REALIZAÇÃO DE MELHORIAS E MODERNIZAÇÃO DO PARQUE DE ILUMINAÇÃO PÚBLICA, MEDIANTE FORNECIMENTO DE MATERIAIS, MÃO DE OBRA, EQUIPAMENTOS E FERRAMENTAL NECESSÁRIOS.
A8: Item | B8: Discriminação dos serviços | C8: Total dos Serviços (R$) | D8: Peso (%) | E8: VALOR DO DESEMBOLSO NO PERIODO
E9: mês 01 | F9: mês 02 | G9: mês 03 | H9: mês 04 | I9: mês 05 | J9: mês 06 | K9: mês 07 | L9: mês 08 | M9: mês 09 | N9: mês 10 | O9: mês 11 | P9: mês 12
A10: 1. | B10: Manutenção Operacional e Corretiva da Iluminação Pública | C10: ='planina de preços'!F4 -> 2188320 | D10: =C10/'planina de preços'!F91 -> 0.23125709 | E10: =C10/12 -> 182360 | F10: =C10/12 -> 182360 | G10: =C10/12 -> 182360 | H10: =C10/12 -> 182360 | I10: =C10/12 -> 182360 | J10: =C10/12 -> 182360 | K10: =C10/12 -> 182360 | L10: =C10/12 -> 182360 | M10: =C10/12 -> 182360 | N10: =C10/12 -> 182360 | O10: =C10/12 -> 182360 | P10: =C10/12 -> 182360
B11: Serviço de recadastramento e identificação de pontos | C11: ='planina de preços'!F5 -> 523800 | D11: =C11/'planina de preços'!F91 -> 0.05535409 | E11: =C11/4 -> 130950 | F11: =C11/4 -> 130950 | G11: =C11/4 -> 130950 | H11: =C11/4 -> 130950
B12: Serviço de teleatendimento a população com fornecimento de telefone 0800 e software de gerenciamento e gestão | C12: ='planina de preços'!F6 -> 45000 | D12: =C12/'[1]planilha orçamentária'!F79 -> 0.022502102 | E12: =C12/12 -> 3750 | F12: =E12 -> 3750 | G12: =F12 -> 3750 | H12: =G12 -> 3750 | I12: =E12 -> 3750 | J12: =E12 -> 3750 | K12: =G12 -> 3750 | L12: =G12 -> 3750 | M12: =I12 -> 3750 | N12: =I12 -> 3750 | O12: =J12 -> 3750 | P12: =L12 -> 3750
A13: 2. | B13: Iluminação cênica - rodoviária | C13: ='planina de preços'!F67 -> 491839.85 | D13: =C13/'planina de preços'!F91 -> 0.051976608 | M13: =C13/2 -> 245919.92 | N13: =C13/2 -> 245919.92
B14: Fornecimento e instalação de Luminária Decorativa de LED | C14: ='planina de preços'!F88-'planina de preços'!F75-'planina de preços'!F76 -> 5942755.6 | D14: =C14/'planina de preços'!F91 -> 0.628018 | G14: =C14/10 -> 594275.56 | H14: =C14/10 -> 594275.56 | I14: =C14/10 -> 594275.56 | J14: =C14/10 -> 594275.56 | K14: =C14/10 -> 594275.56 | L14: =C14/10 -> 594275.56 | M14: =C14/10 -> 594275.56 | N14: =C14/10 -> 594275.56 | O14: =C14/10 -> 594275.56 | P14: =C14/10 -> 594275.56
B15: Instalação de Telegestão | C15: ='planina de preços'!F75+'planina de preços'!F76 -> 271000 | D15: =C15/'planina de preços'!F91 -> 0.028638714 | G15: =C15/2 -> 135500 | H15: =C15/2 -> 135500
A16: TOTAL MENSAL | E16: =E10+E11+E12 -> 317060 | F16: =SUM(F10:F15) -> 317060 | G16: =G10+G11+G12+G14+G15 -> 1046835.6 | H16: =H10+H11+H12+H14+H15 -> 1046835.6 | I16: =I10+I12+I14 -> 780385.56 | J16: =J10+J12+J14 -> 780385.56 | K16: =K10+K12+K14 -> 780385.56 | L16: =L10+L12+L14 -> 780385.56 | M16: =M10+M12+M13+M14 -> 1026305.5 | N16: =N10+N12+N13+N14 -> 1026305.5 | O16: =O10+O12+O14 -> 780385.56 | P16: =P10+P12+P14 -> 780385.56
A17: TOTAL ACUMULADO | E17: =E16 -> 317060 | F17: =E17+F16 -> 634120 | G17: =F17+G16 -> 1680955.6 | H17: =G17+H16 -> 2727791.1 | I17: =H17+I16 -> 3508176.7 | J17: =I17+J16 -> 4288562.2 | K17: =J17+K16 -> 5068947.8 | L17: =K17+L16 -> 5849333.4 | M17: =L17+M16 -> 6875638.8 | ... P17: =O17+P16 -> 9462715.4

Sheet Plan2

Sheet Plan3
